 Dungeon Crawl Stone Soup version 0.23.1 (webtiles) character file.

Game seed: 10744288974377979303

41 Borgoz the Sneak (level 3, -1/27 HPs)
             Began as a Ghoul Enchanter on Mar 15, 2019.
             Slain by an adder (4 damage)
             ... on level 3 of the Dungeon.
             The game lasted 00:03:40 (1634 turns).

Borgoz the Sneak (Ghoul Enchanter)                  Turns: 1634, Time: 00:03:41

Health: -1/27      AC:  4    Str: 11    XL:     3   Next: 52%
Magic:  0/4        EV: 11    Int: 10    God:
Gold:   68         SH:  0    Dex: 10    Spells: 2/5 levels left

rFire    . . .     SeeInvis .   e - +0 dagger (curse)
rCold    + . .     Gourm    .   (no shield)
rNeg     + + +     Faith    .   c - +0 leather armour
rPois    ∞         Spirit   +   (no helmet)
rElec    .         Reflect  .   (no cloak)
rCorr    .         Harm     .   j - +0 pair of gloves (curse)
MR       .....     Rnd*Tele +   (no boots)
Stlth    ++........             h - amulet of guardian spirit
HPRegen  0.00/turn              f - ring of teleportation (curse)
MPRegen  0.09/turn              (no ring)

@: very slightly contaminated, rotting
A: rotting body, claws 1, carnivore, cold resistance 1, negative energy
resistance 3, inhibited regeneration, torment resistance, unbreathing
a: no special abilities


You were on level 3 of the Dungeon.
You were not hungry.

You visited 1 branch of the dungeon, and saw 3 of its levels.

You collected 68 gold pieces.

Inventory:

Hand Weapons
 a - a +1 dagger
 e - a cursed +0 dagger (weapon)
Armour
 c - a +0 leather armour (worn)
 j - a cursed +0 pair of gloves (worn)
Jewellery
 f - a cursed ring of teleportation (left hand)
 h - an amulet of guardian spirit (around neck)
Scrolls
 g - a scroll of remove curse {unknown}
 i - 3 scrolls of fog
 k - a scroll of teleportation
Potions
 b - 2 potions of degeneration {unknown}
 m - a potion of curing {unknown}
Comestibles
 d - a ration
 l - a chunk of flesh


   Skills:
 + Level 0.7 Fighting
 * Level 1.5 Short Blades
 * Level 1.3 Armour
 + Level 2.1 Dodging
 + Level 3.5 Stealth
 + Level 1.9 Spellcasting
 - Level 2.4 Hexes


You had 2 spell levels left.
You knew the following spells:

 Your Spells              Type           Power        Failure   Level  Hunger
a - Corona                Hex            #......      16%         1    ##.....
b - Ensorcelled Hibernat  Hex/Ice        #.....       36%         2    ###....

Your spell library contained the following spells:

 Spells                   Type           Power        Failure   Level  Hunger
 Confuse                  Hex            #.......     43%         3    ####...
 Tukima's Dance           Hex            #.......     43%         3    ####...
 Dazzling Spray           Conj/Hex       #.....       58%         3    ####...


Dungeon Overview and Level Annotations

Branches:
Dungeon (3/15)

Altars:
Hepliaklqana

Annotations:
D:2 Natasha


Innate Abilities, Weirdness & Mutations

Your body is rotting away.
You thrive on raw meat.
You are immune to poison.
You have sharp fingernails.
You are carnivorous and can eat meat at any time.
Your flesh is cold resistant. (rC+)
You are immune to negative energy. (rN+++)
You do not regenerate when monsters are visible.
You are immune to unholy pain and torment.
You can survive without breathing.


Message History

The adder misses you. The adder bites you.
* * * LOW HITPOINT WARNING * * *
Casting: Ensorcelled Hibernation (safe; 36% risk of failure)
Confirm with . or Enter, or press ? or * to list all spells.
Aiming: Corona (safe; 16% risk of failure)
Press: ? - help, Shift-Dir - straight line, f/p - adder
Aim: an adder (severely wounded, chance to defeat MR: 48%)
The adder is outlined in light.
The adder bites you.
* * * LOW HITPOINT WARNING * * *
You hit the adder but do no damage.
The adder is severely wounded.
The adder bites you.
* * * LOW HITPOINT WARNING * * *
You closely miss the adder.
The adder is severely wounded.
The adder barely misses you.
You hit the adder.
The adder is severely wounded.
The adder bites you.
You die...

###
#<#
#@#
#S#
#..
###.
.# #


You could see an adder.

Vanquished Creatures
  2 adders (D:2)
  A leopard gecko (D:1)
  2 bats (D:2)
  A giant cockroach (D:1)
  6 goblins (D:1)
  2 hobgoblins
  A quokka (D:2)
  3 frilled lizards
  4 rats (D:1)
22 creatures vanquished.

Notes
Turn   | Place    | Note
-------+----------+-------------------------------------------
     0 | D:1      | Borgoz the Ghoul Enchanter began the quest for the Orb.
     0 | D:1      | Reached XP level 1. HP: 14/14 MP: 2/2
   162 | D:1      | Reached skill level 1 in Short Blades
   280 | D:1      | Reached XP level 2. HP: 20/20 MP: 3/3
   528 | D:1      | You fall through a shaft!
  1219 | D:2      | Reached skill level 1 in Armour
  1219 | D:2      | Reached XP level 3. HP: 24/24 MP: 4/4
  1462 | D:2      | Found a hazy altar of Hepliaklqana.
  1492 | D:2      | Learned a level 2 spell: Ensorcelled Hibernation
  1583 | D:2      | Noticed Natasha
  1634 | D:3      | Slain by an adder

Skill      XL: |  1  2 |
---------------+-------+-----
Short Blades   | 1 |  1.5
Armour         | 1 |  1.3
Dodging        | 2 |  2.1
Fighting       | |  0.7
Stealth        | |  3.5
Spellcasting   | |  1.9
Hexes          | |  2.4

Action                   || total
-------------------------++-------
Melee: Dagger            ||   126
 Cast: Corona            ||     7
       Ensorcelled Hiber ||     3
  Use: Scroll            ||     3
 Stab: Sleeping          ||     6
  Eat: Chunk             ||    10
Armor: Leather armour    ||    28
Dodge: Dodged            ||    56
